 Dungeon Crawl Stone Soup version 0.19.4-10-g532645f (webtiles) character file.

284 Raiden350 the Slasher (level 6, -7/39 HPs)
             Began as a High Elf Skald on Feb 23, 2017.
             Killed from afar by Blork the orc (11 damage)
             ... with a puff of flame
             ... on level 4 of the Dungeon.
             The game lasted 00:30:03 (5158 turns).

Raiden350 the Slasher (High Elf Skald)              Turns: 5158, Time: 00:30:04

Health: -7/39      AC:  0    Str: 12    XL:     6   Next: 7%
Magic:  11/12      EV: 21    Int: 15    God:
Gold:   205        SH:  0    Dex: 17    Spells: 4 memorised, 3 levels left

rFire  . . .     SeeInvis .     (weapon currently unavailable)
rCold  . . .     Gourm    .     (armour currently unavailable)
rNeg   . . .     Faith    .     (shield currently unavailable)
rPois  .         Spirit   .     (helmet currently unavailable)
rElec  .         Reflect  .     (cloak currently unavailable)
rCorr  .         Harm     .     (gloves currently unavailable)
MR     .....     Clarity  +     (boots currently unavailable)
Stlth  ++........               (amulet currently unavailable)
                                (ring currently unavailable)
                                (ring currently unavailable)

@: porcupine-form (expiring), quick
A: clarity, high mp 1, (electricity resistance)
a: no special abilities


You were on level 4 of the Dungeon.
You were not hungry.
You were a spiny porcupine.
You visited 1 branch of the dungeon, and saw 4 of its levels.

You collected 205 gold pieces.

Inventory:

Hand Weapons
 a - a +0 falchion
 h - a +1 long sword (melded)
 q - a +0 mace of crushing
Armour
 b - a +0 leather armour
 g - a +1 ring mail of cold resistance (melded)
Jewellery
 k - a +5 ring of intelligence (melded)
 m - an uncursed ring of fire
 n - a ring of protection from cold (melded)
 u - an uncursed amulet of guardian spirit {unknown}
Scrolls
 e - a scroll of enchant weapon
 f - a scroll of recharging
 l - 2 scrolls of noise
 o - 2 scrolls of fear {unknown}
 r - a scroll of immolation {unknown}
Potions
 s - a potion of flight
Books
 c - a book of Battle

   Spells                             Type                      Level
   a - Infusion                       Charms                       1
   b - Shroud of Golubria             Charms/Translocation         2
   c - Song of Slaying                Charms                       2
   d - Spectral Weapon                Hexes/Charms                 3
   e - Regeneration                   Charms/Necromancy            3
Comestibles
 d - a bread ration
 i - 13 fruits
 j - a beef jerky
 p - a slice of pizza
 t - a meat ration


   Skills:
 - Level 2.0 Fighting
 - Level 5.1 Long Blades
 - Level 1.0 Armour
 - Level 3.5 Dodging
 + Level 2.7 Stealth
 - Level 3.1 Spellcasting
 - Level 4.0 Charms


You had 3 spell levels left.
You knew the following spells:

 Your Spells              Type           Power        Failure   Level  Hunger
a - Infusion              Chrm           ##..         4%          1    #......
b - Song of Slaying       Chrm           ##......     8%          2    ##.....
c - Regeneration          Chrm/Necr      #.........   30%         3    ###....
d - Shroud of Golubria    Chrm/Tloc      #.........   14%         2    ##.....


Dungeon Overview and Level Annotations

Branches:
Dungeon (4/15)
 Temple: D:4-7

Altars:
Ashenzari
Fedhas
Kikubaaqudgha
Ru
Uskayaw

Shops:
D:4 [

Annotations:
D:4 Blork the orc; zegmoder's ghost, amateur DrBe


Innate Abilities, Weirdness & Mutations

You possess an exceptional clarity of mind.
You have an increased reservoir of magic. (+10% MP)
((You are resistant to electric shocks. (rElec)))


Message History

The puff of frost misses you.
There is an open door here.
Blork the orc zaps a wand.
You resist with some effort.
Blork the orc gestures at you while chanting.
The puff of frost hits you!
* * * LOW HITPOINT WARNING * * *
Blork the orc zaps a wand.
Your song is almost over.
Blork the orc zaps a wand.
Your transformation is almost over.
Blork the orc jeers noisily.
Blork the orc gestures at you while chanting.
The magic dart hits you!
* * * LOW HITPOINT WARNING * * *
Your song has ended.
Your magical contamination has completely faded away.
There is a stone staircase leading down here.
Blork the orc casts a spell at you. The puff of flame hits you!
You die...

...............#..#.#
...............#....#
..######.#..#......##
..####...#..∩......#
.........#.........#
...##....###.#.....#
......#### #.#...#.#
......# #.#.....#
.....## #.#..r#####
##'###
#.#.......#######+####
#.#
#.##........##.#...#.#
##'#####
#.##....o..##_.'.⌠.'..
.......#
#.##........##.#...#.#
#......#
#.##.........####'####
#...[..#
#.##..........##...# #
#......#
#.(...........###_## #
########
#####.........########


You could see Blork the orc.

Vanquished Creatures
  A scorpion (D:4)
  A crimson imp (D:3)
  An orc wizard (D:3)
  A worker ant (D:3)
  A hound skeleton (D:4)
  5 adders
  An ooze (D:3)
  3 worms
  3 dart slugs
  2 leopard geckos
  2 orcs (D:3)
  A ball python (D:3)
  4 giant cockroaches
  5 goblins
  4 hobgoblins
  2 jackals
  7 kobolds
  2 quokkas
  5 bats
  14 frilled lizards
  A jackal skeleton (D:4)
  14 rats
80 creatures vanquished.

Notes
Turn   | Place    | Note
-------+----------+-------------------------------------------
     0 | D:1      | Raiden350 the High Elf Skald began the quest for the Orb.
     0 | D:1      | Reached XP level 1. HP: 14/14 MP: 4/4
    80 | D:1      | Reached skill level 1 in Stealth
   266 | D:1      | Reached XP level 2. HP: 19/19 MP: 6/6
   725 | D:1      | Reached skill level 1 in Armour
   792 | D:1      | Gained mutation: You are resistant to electric shocks. (rElec) [potion of mutation]
   792 | D:1      | Gained mutation: You possess an exceptional clarity of mind. [potion of mutation]
   792 | D:1      | Gained mutation: You have an increased reservoir of magic. (+10% MP) [potion of mutation]
   846 | D:1      | Reached XP level 3. HP: 24/24 MP: 8/8
   875 | D:1      | Learned a level 2 spell: Song of Slaying
   879 | D:1      | Learned a level 3 spell: Regeneration
  1367 | D:2      | Found a shattered altar of Ashenzari.
  1567 | D:2      | Reached skill level 3 in Long Blades
  2475 | D:2      | Reached XP level 4. HP: 17/29 MP: 4/10
  2782 | D:2      | Learned a level 2 spell: Shroud of Golubria
  2784 | D:2      | HP: 1/29 [wight/enchanted great sword (12)]
  3609 | D:3      | Reached XP level 5. HP: 27/34 MP: 5/11
  3936 | D:4      | Reached skill level 4 in Long Blades
  4467 | D:3      | Reached skill level 5 in Long Blades
  4467 | D:3      | Reached XP level 6. HP: 31/39 MP: 7/12
  4694 | D:4      | Found a blossoming altar of Fedhas.
  4809 | D:4      | Found a faded altar of an unknown god.
  4809 | D:4      | Found a faded altar of an unknown god.
  4814 | D:4      | Found a faded altar of an unknown god.
  4816 | D:4      | Found a faded altar of an unknown god.
  4818 | D:4      | Found an ancient bone altar of Kikubaaqudgha.
  4872 | D:4      | Noticed zegmoder's ghost (amateur DrBe)
  4917 | D:4      | Found Aclunum's Antique Armour Shoppe.
  5112 | D:4      | Found a hide-covered altar of Uskayaw.
  5120 | D:4      | Found a sacrificial altar of Ru.
  5120 | D:4      | Noticed Blork the orc
  5158 | D:4      | Killed from afar by Blork the orc

Skill      XL: |  1  2  3  4  5 |
---------------+----------------+-----
Stealth        | 1 2 |  2.7
Dodging        | 2 3 |  3.5
Armour         | 1 |  1.0
Long Blades    | 3 5 |  5.1
Spellcasting   | 3 |  3.1
Charms         | 4 |  4.0
Fighting       | |  2.0

Action                   |  1- 3 |  4- 6 || total
-------------------------+-------+-------++-------
Melee: Falchion          |   108 |       ||   108
       Long sword        |    25 |   123 ||   148
 Cast: Infusion          |     5 |    10 ||    15
       Regeneration      |     1 |     1 ||     2
       Song of Slaying   |       |     2 ||     2
  Use: Potion            |     5 |       ||     5
       Scroll            |     3 |     8 ||    11
 Stab: Sleeping          |     4 |       ||     4
  Eat: Chunk             |     1 |     2 ||     3
       Bread ration      |     1 |     2 ||     3
Armor: Leather armour    |    36 |     4 ||    40
       Ring mail         |       |    38 ||    38
Dodge: Dodged            |    89 |    92 ||   181
       Rpst.: Falchion   |    23 |       ||    23
       Long sword        |     4 |    25 ||    29
